 Dungeon Sprint DCSS version 0.27-a0-1548-gf8a67e7463 (webtiles) character file.

Game seed: 12090652447533774099

38154 mhtbhm the Impaler (level 14, -12/181 HPs)
             Began as a Merfolk Fighter on July 13, 2021.
             Was the Champion of Qazlal.
             Mangled by a yaktaur captain (14 damage)
             ... in the Dungeon (Sprint VII: "The Pits").
             The game lasted 00:08:01 (3858 turns).

mhtbhm the Impaler (Merfolk Fighter)                Turns: 3858, Time: 00:08:02

Health: -12/181    AC: 17    Str: 21    XL:     14   Next: 0%
Magic:  12/26      EV: 15    Int:  7    God:    Qazlal [******]
Gold:   14         SH: 23    Dex: 14    Spells: 13/13 levels left

rFire    + . .     SeeInvis .   a - +2 trident
rCold    . . .     Faith    .   c - +0 kite shield
rNeg     . . .     Spirit   .   b - +4 scale mail
rPois    +         Reflect  .   r - +0 helmet
rElec    .         Harm     .   (no cloak)
rCorr    .         Rampage  .   (no gloves)
Will     +....     NoTele   +   (no boots)
Stlth    ..........             (no amulet)
HPRegen  0.40/turn              z - ring of protection from fire
MPRegen  0.20/turn              A - ring of poison resistance

@: berserking (expiring), protected from physical damage, repel missiles, very
quick
A: (nimble swimmer 2), mertail
a: Renounce Religion, Upheaval, Elemental Force, Disaster Area


You were in the Dungeon.
You worshipped Qazlal.
Qazlal was exalted by your worship.
You visited 1 branch You collected 14 gold pieces.

Inventory:

Hand Weapons
 a - a +2 trident (weapon)
Missiles
 n - 3 throwing nets (quivered)
Armour
 b - a +4 scale mail (worn)
 c - a +0 kite shield (worn)
 r - a +0 helmet (worn)
Jewellery
 o - an amulet of reflection
 z - a ring of protection from fire (left hand)
 A - a ring of poison resistance (right hand)
Wands
 s - a wand of digging (4)
Scrolls
 j - 2 scrolls of blinking
 l - 5 scrolls of amnesia
 m - a scroll of summoning
 t - 2 scrolls of identify
 v - 2 scrolls of fear
 w - 4 scrolls of enchant weapon
 x - 4 scrolls of enchant armour
 y - a scroll of fog
Potions
 d - 4 potions of might
 e - 9 potions of curing
 g - 3 potions of haste
 h - 3 potions of magic
 i - 2 potions of berserk rage
 k - a potion of invisibility
 p - a potion of resistance
 q - 3 potions of mutation
 u - 2 potions of brilliance
Miscellaneous
 B - a phial of floods


   Skills:
 + Level 14.9 Fighting
 + Level 19.2 Polearms
 + Level 10.3 Armour
 + Level 12.2 Dodging
 + Level 14.9 Stealth
 + Level 18.5 Shields
 * Level 16.6 Invocations


You had 13 spell levels left.
You didn't know any spells.
Your spell library contained the following spells:

 Spells                   Type           Power      Damage    Failure   Level
 Shock                    Conj/Air       0%         1d3       71%         1
 Portal Projectile        Hex/Tloc       0%         N/A       97%         3
 Stone Arrow              Conj/Erth      0%         3d7       97%         3
 Swiftness                Air            0%         N/A       97%         3
 Airstrike                Air            0%         N/A       100%        4
 Animate Armour           Summ/Erth      0%         N/A       100%        4
 Summon Ice Beast         Ice/Summ       0%         N/A       100%        4
 Summon Lightning Spire   Summ/Air       0%         N/A       100%        4
 Blade Hands              Tmut           0%         N/A       100%        5
 Excruciating Wounds      Necr           0%         N/A       100%        5
 Summon Mana Viper        Hex/Summ       0%         N/A       100%        5
 Monstrous Menagerie      Summ           0%         N/A       100%        7
 Storm Form               Tmut/Air       0%         N/A       100%        7
 Lehudib's Crystal Spear  Conj/Erth      0%         10d2      100%        8
 Maxwell's Capacitive Co  Air            0%         ∞         100%        8


Dungeon Overview and Level Annotations

Branches:
Dungeon (1/1)

Altars:
Ashenzari
Cheibriados
Dithmenos
Elyvilon
Fedhas
Gozag
Hepliaklqana
Kikubaaqudgha
Makhleb
Nemelex Xobeh
Okawaru
Qazlal
Ru
Sif Muna
Trog
Uskayaw
Vehumet
Wu Jian
Xom
Yredelemnul
Zin
The Shining One
Beogh
Jiyva
Lugonu


Innate Abilities, Weirdness & Mutations

((You are quick and stealthy near water. (Stealth+, EV+, Speed+++)))
Your lower body shifts to a powerful aquatic tail in water.


Message History

The vault guard is moderately wounded.
You closely miss the vault guard.
The vault guard is moderately wounded.
You block the vault guard's attack.
You closely miss the vault guard.
The vault guard is moderately wounded.
Unknown command.
You impale the vault guard!!
The vault guard is heavily wounded.
You block the vault guard's attack.
You hit the vault guard.
The vault guard is severely wounded.
You puncture the vault guard!
The vault guard is severely wounded.
You puncture the vault guard!
The vault guard is almost dead.
You block the vault guard's attack.
You barely miss the vault guard.
The vault guard is almost dead.
You puncture the vault guard!
You kill the vault guard!
Qazlal accepts your kill.
The yaktaur captain wields a +0 arbalest.
The yaktaur captain shoots a bolt.
You block the bolt.
Your life force feels restored.
You have reached level 14!
You hear a shout!
Items here: )))))) [[[[[[[[[ ††.
You feel a strong urge to attack something.
The yaktaur captain unwields a +0 arbalest.
The yaktaur captain hits you!
* * * LOW HITPOINT WARNING * * *
A yaktaur comes into view.
Items here: ( )))))))) [[[ †††††.
You puncture the yaktaur captain!
The yaktaur captain is lightly wounded.
You puncture the yaktaur captain!
The yaktaur captain is moderately wounded.
The yaktaur captain hits you!
You die...

..# # ..+ # ..+ # ''# #
''###############################
................°≈...(.).........
.........≈....†○≈○)....).........
..##############).##############.
..# #.))@≈.≈.# #. ..# #.§§c)○..#
#. ..# ####)[#### #. ..# .†.c #.
..# ...... #. ..# .).)).[ #. ÷.#
###..#### #. ..# #### ..#


You could see a yaktaur captain and a yaktaur.

Vanquished Creatures
  A Brimstone Fiend (D)
  A deep elf blademaster (D)
  A nagaraja (D)
  2 orc warlords (D)
  A draconian shifter (D)
  An apis (D)
  A black draconian (D)
  Azrael (D)
  A yaktaur captain (D)
  A great orb of eyes (D)
  Harold (D)
  A catoblepas (D)
  A centaur warrior (D)
  2 vault guards (D)
  An alligator snapping turtle (D)
  2 hydras (D)
  An orc high priest (D)
  4 deep elf knights (D)
  A fire crab (D)
  A swamp dragon (D)
  A deep troll (D)
  A spriggan druid (D)
  A flayed ghost (D)
  A lindwurm (D)
  12 orc knights (D)
  An elephant (D)
  A black mamba (D)
  An orange demon (D)
  A cane toad (D)
  2 yaktaurs (D)
  A gargoyle (D)
  A kobold demonologist (D)
  2 freezing wraiths (D)
  An ice devil (D)
  An efreet (D)
  2 hellwings (D)
  A troll (D)
  A polar bear (D)
  A tyrant leech (D)
  A tarantella (D)
  2 ynoxinuls (D)
  2 redbacks (D)
  A water elemental (D)
  2 fire elementals (D)
  2 wargs (D)
  Edmund (D)
  2 acid dragons (D)
  3 hell hounds (D)
  A floating eye (D)
  A water moccasin (D)
  A swamp drake (D)
  4 orc warriors (D)
  An ogre (D)
  5 wolves (D)
  2 centaurs (D)
  A kobold brigand (D)
  A bullfrog (D)
  A scorpion (D)
  5 killer bees (D)
  5 wights (D)
  An iron imp (D)
  3 orc priests (D)
  Ijyb (D)
  An orc wizard (D)
  A mummy (D)
  An adder (D)
  3 gnolls (D)
  A white imp (D)
  An ufetubus (D)
  An adder skeleton (D)
  A worm (D)
  7 orcs (D)
  A ball python (D)
  An endoplasm (D)
  A goblin (D)
  A jackal (D)
  A quokka (D)
  A ball python skeleton (D)
  A ball python zombie (D)
  A frilled lizard (D)
  A kobold (D)
  2 rats (D)
136 creatures vanquished.

Vanquished Creatures (others)
  A sun demon (D)
1 creature vanquished.

Grand Total: 137 creatures vanquished

Notes
Turn   | Place    | Note
-------+----------+-------------------------------------------
     0 | D        | mhtbhm the Merfolk Fighter began the quest for the Orb.
     0 | D        | Reached XP level 1. HP: 18/18 MP: 1/1
    11 | D        | Noticed a floating eye
    12 | D        | Paralysed by a floating eye for 3 turns
    16 | D        | Killed a floating eye
    17 | D        | Reached skill level 4 in Polearms
    17 | D        | Reached skill level 5 in Shields
    17 | D        | Reached XP level 2. HP: 29/29 MP: 2/2
    17 | D        | Reached XP level 3. HP: 35/35 MP: 3/3
    17 | D        | Reached XP level 4. HP: 41/41 MP: 4/4
    47 | D        | Found a bloodstained altar of Trog.
    47 | D        | Found a shimmering blue altar of Sif Muna.
    47 | D        | Found a viscous altar of Jiyva.
    47 | D        | Found a hazy altar of Hepliaklqana.
    47 | D        | Found an opulent altar of Gozag.
    48 | D        | Found a glowing golden altar of the Shining One.
    48 | D        | Found a glowing silver altar of Zin.
    48 | D        | Found a basalt altar of Yredelemnul.
    48 | D        | Found a shimmering altar of Xom.
    48 | D        | Found an ornate altar of the Wu Jian Council.
    48 | D        | Found a sacrificial altar of Ru.
    48 | D        | Found a stormy altar of Qazlal.
    48 | D        | Found an iron altar of Okawaru.
    48 | D        | Found a sparkling altar of Nemelex Xobeh.
    48 | D        | Found a burning altar of Makhleb.
    48 | D        | Found a blossoming altar of Fedhas.
    48 | D        | Found a white marble altar of Elyvilon.
    48 | D        | Found a shadowy altar of Dithmenos.
    48 | D        | Found a snail-covered altar of Cheibriados.
    50 | D        | Found a radiant altar of Vehumet.
    50 | D        | Found a corrupted altar of Lugonu.
    52 | D        | Found an ancient bone altar of Kikubaaqudgha.
    52 | D        | Found a hide-covered altar of Uskayaw.
    52 | D        | Found a broken altar of Ashenzari.
    59 | D        | Became a worshipper of Qazlal Stormbringer
    85 | D        | Reached * piety under Qazlal
    90 | D        | Reached XP level 5. HP: 38/47 MP: 5/5
   145 | D        | Noticed an ogre
   150 | D        | Killed an ogre
   150 | D        | Reached ** piety under Qazlal
   151 | D        | Reached skill level 6 in Polearms
   151 | D        | Reached skill level 5 in Armour
   226 | D        | Noticed a kobold brigand
   249 | D        | Killed a kobold brigand
   249 | D        | Reached *** piety under Qazlal
   250 | D        | Reached skill level 7 in Polearms
   250 | D        | Reached XP level 6. HP: 46/56 MP: 6/6
   268 | D        | Noticed Edmund
   293 | D        | Killed Edmund
   293 | D        | Reached **** piety under Qazlal
   294 | D        | Reached skill level 9 in Polearms
   294 | D        | Reached skill level 1 in Dodging
   398 | D        | Noticed an efreet
   406 | D        | Killed an efreet
   407 | D        | Reached skill level 11 in Polearms
   407 | D        | Reached XP level 7. HP: 64/64 MP: 7/7
   414 | D        | Reached ***** piety under Qazlal
   422 | D        | Reached skill level 12 in Polearms
   425 | D        | Reached XP level 8. HP: 70/71 MP: 8/8
   427 | D        | Noticed a ynoxinul
   441 | D        | Killed a ynoxinul
   442 | D        | Reached skill level 13 in Polearms
   562 | D        | Noticed an elephant
   585 | D        | Killed an elephant
   586 | D        | Reached skill level 10 in Fighting
   586 | D        | Reached skill level 14 in Polearms
   586 | D        | Reached skill level 10 in Shields
   659 | D        | Noticed an orc knight
   662 | D        | Reached ****** piety under Qazlal
   713 | D        | Killed an orc knight
   714 | D        | Reached skill level 15 in Polearms
   714 | D        | Reached XP level 9. HP: 51/79 MP: 8/11
   718 | D        | Reached skill level 5 in Dodging
   910 | D        | Noticed a freezing wraith
   933 | D        | Killed a freezing wraith
  1156 | D        | Noticed a gargoyle
  1164 | D        | Killed a gargoyle
  1165 | D        | Reached skill level 5 in Invocations
  1373 | D        | Noticed a black mamba
  1373 | D        | Noticed a deep troll
  1382 | D        | Killed a black mamba
  1387 | D        | Killed a deep troll
  1388 | D        | Reached skill level 16 in Polearms
  1388 | D        | Reached XP level 10. HP: 83/88 MP: 12/14
  1398 | D        | Noticed a flayed ghost
  1398 | D        | Noticed a lindwurm
  1403 | D        | Killed a flayed ghost
  1416 | D        | Killed a lindwurm
  1536 | D        | Noticed a six-headed hydra
  1536 | D        | Noticed a cane toad
  1545 | D        | Killed a six-headed hydra
  1553 | D        | Killed a cane toad
  1796 | D        | Noticed a kobold demonologist
  1812 | D        | Killed a kobold demonologist
  1916 | D        | Noticed Ijyb
  1916 | D        | Noticed a centaur warrior
  1923 | D        | Reached XP level 11. HP: 95/95 MP: 17/17
  1926 | D        | Noticed an orc high priest
  1937 | D        | Killed a centaur warrior
  1938 | D        | Reached skill level 17 in Polearms
  1952 | D        | Killed Ijyb
  1971 | D        | Reached skill level 1 in Stealth
  1980 | D        | Killed an orc high priest
  1981 | D        | Reached skill level 15 in Shields
  1981 | D        | Reached skill level 10 in Invocations
  2316 | D        | Noticed a swamp dragon
  2329 | D        | Killed a swamp dragon
  2582 | D        | Noticed Harold
  2603 | D        | Killed Harold
  2604 | D        | Reached skill level 10 in Dodging
  2767 | D        | Noticed a seven-headed hydra
  2774 | D        | Killed a seven-headed hydra
  2919 | D        | Noticed an alligator snapping turtle
  2919 | D        | Noticed a catoblepas
  2919 | D        | Noticed a black draconian
  2919 | D        | Noticed a deep elf blademaster
  2919 | D        | Noticed an apis
  2919 | D        | Noticed a fire crab
  2919 | D        | Noticed a great orb of eyes
  2921 | D        | Killed a fire crab
  2921 | D        | Killed a deep elf blademaster
  2921 | D        | Killed a great orb of eyes
  2921 | D        | Killed an apis
  2922 | D        | Reached skill level 18 in Polearms
  2922 | D        | Reached XP level 12. HP: 53/106 MP: 5/21
  2922 | D        | Killed a black draconian
  2924 | D        | Killed a catoblepas
  2952 | D        | Killed an alligator snapping turtle
  3178 | D        | Noticed a Brimstone Fiend
  3191 | D        | Killed a Brimstone Fiend
  3448 | D        | Noticed a purple draconian shifter
  3471 | D        | Killed a purple draconian shifter
  3472 | D        | Reached XP level 13. HP: 57/113 MP: 23/23
  3679 | D        | Noticed Azrael
  3680 | D        | Noticed an orc warlord
  3680 | D        | Noticed an orc warlord
  3682 | D        | Reached skill level 10 in Stealth
  3687 | D        | Killed an orc warlord
  3690 | D        | Killed Azrael
  3691 | D        | Reached skill level 10 in Armour
  3693 | D        | Killed an orc warlord
  3725 | D        | Reached skill level 15 in Invocations
  3729 | D        | Noticed a vault guard
  3750 | D        | Killed a vault guard
  3751 | D        | Reached skill level 19 in Polearms
  3763 | D        | Noticed a yaktaur captain
  3768 | D        | Killed a yaktaur captain
  3826 | D        | Noticed a nagaraja
  3839 | D        | Noticed a vault guard
  3843 | D        | Killed a nagaraja
  3845 | D        | Noticed a yaktaur captain
  3854 | D        | Killed a vault guard
  3855 | D        | Reached XP level 14. HP: 18/121 MP: 12/26
  3856 | D        | HP: 2/181 [yaktaur captain (16)]
  3858 | D        | Mangled by a yaktaur captain

Illustrated notes

Levels and vault maps discovered:
D:        pitsprint [storerooms_1, entrance_room_1, metal_vault_5, armoury_2,
          mini_pit_1, grid_room_1, main_hall_1, silver_pit, the_coven_1,
          the_vestibule_1, steel_vault_4, golden_pit, hallway_of_sentries,
          crystal_vault_3, iron_vault_4, final_vault]

Skill      XL: |  1  2  3  4  5  6  7  8  9 10 11 12 13 |
---------------+----------------------------------------+-----
Fighting       | 6 8 9 10 11 12 13 14 | 14.9
Polearms       | 4 7 11 12 15 16 18 19 | 19.2
Armour         | 4 5 6 7 9 10 | 10.3
Shields        | 5 6 7 9 10 12 14 17 18 | 18.5
Dodging        | 2 4 6 8 10 11 12 | 12.2
Invocations    | 2 6 8 12 13 16 | 16.6
Stealth        | 1 8 14 | 14.9

Action                   |  1- 3 |  4- 6 |  7- 9 | 10-12 | 13-15 || total
-------------------------+-------+-------+-------+-------+-------++-------
Melee: Trident           |     3 |    90 |   167 |   255 |    98 ||   613
Invok: Disaster Area     |       |       |       |     4 |     7 ||    11
       Upheaval          |       |       |       |       |     1 ||     1
  Use: Potion            |       |       |     2 |     5 |    10 ||    17
 Stab: Petrified         |       |       |       |    19 |       ||    19
       Invisible         |       |       |       |       |     7 ||     7
Armor: Scale mail        |       |     4 |    23 |    32 |     6 ||    65
       Chain mail        |       |     9 |     5 |       |       ||    14
Dodge: Dodged            |       |     9 |    47 |    62 |    11 ||   129
       Repelled          |       |       |     1 |     1 |     2 ||     4
Block: Kite shield       |       |    59 |   148 |   212 |    66 ||   485

Table legend: (Time is in decaauts)
 A = Elapsed time spent in this place.
 B = Non-inter-level travel time spent in this place.
 C = Inter-level travel time spent in this place.
 D = Time resting spent in this place.
 E = Time spent auto-exploring this place.
 F = Levels seen in this place.
 G = Mean time per level.
                   A        B        C        D        E       F      G
               +--------+--------+--------+--------+--------+-----+--------+
         Total |   3705 |   3705 |      0 |   2360 |     78 |   1 | 3705.0 |
       Dungeon |   3705 |   3705 |      0 |   2360 |     78 |   1 | 3705.0 |
               +--------+--------+--------+--------+--------+-----+--------+

Top non-repeatable levels by time:
       D: 3705 daAuts
